 Dungeon Crawl Stone Soup version bcrawl-1.36.2 (webtiles) character file.

Game seed: 2370989068514555672

288643 Ananasrisotto the Basher (level 8, -4/91 HPs)
             Began as an Ent Sloth Apostle on May 26, 2022.
             Slain by a gnoll
             ... wielding a +0 spear
              (7 damage)
             ... on level 5 of the Dungeon.
             The game lasted 00:26:24 (5027 turns).

Ananasrisotto the Basher (Ent Sloth Apostle)        Turns: 5027, Time: 00:26:24

Health: -4/91      AC: 15    Str: 21    XL:     8   Next: 91%
Magic:  11/11      EV: 24    Int: 13    God:
Gold:   196        SH:  0    Dex: 10    Spells: 10/11 levels left

rFire    . . .     SeeInvis .   s - +0 giant club
rCold    . . .     Gourm    .   (shield currently unavailable)
rNeg     + + +     Faith    .   (armour unavailable)
rPois    +         Spirit   .   (helmet restricted)
rElec    .         Reflect  .   (no cloak)
rCorr    .                      (gloves unavailable)
MR       .....                  (boots unavailable)
Stlth    +.........             o - amulet of the acrobat
HPRegen  0.25/turn              (no ring)
MPRegen  0.12/turn              (no ring)

@: lethally poisoned (-4 -> -30), glowing, very slow
A: large, slow actions, passwall, strong branches, negative energy resistance 3,
poison resistance, slow metabolism 1, torment resistance, unbreathing, AC +15
a: Passwall


You were on level 5 of the Dungeon.
You were hungry.

You visited 1 branch of the dungeon, and saw 5 of its levels.
You also visited: Ossuary.

You collected 196 gold pieces.

Inventory:

Hand Weapons
 p - a +0 morningstar
 s - a +0 giant club (weapon)
Missiles
 a - 14 curare-tipped needles
 h - 110 poisoned needles
Jewellery
 o - an amulet of the acrobat (around neck)
Wands
 c - a wand of paralysis (8)
Scrolls
 b - a scroll of remove curse {unknown}
 d - 4 scrolls of enchant armour
 i - a scroll of identify
 k - a scroll of teleportation
 l - a scroll of amnesia
 n - a scroll of immolation
 t - a scroll of enchant weapon {unknown}
 x - a scroll of blinking
 y - 2 scrolls of fear {unknown}
Potions
 f - a potion of invisibility
 g - 5 potions of curing
 j - a potion of heal wounds
 m - 2 potions of resistance {unknown}
 q - 2 potions of mutation
 r - 2 potions of flight
 u - a potion of berserk rage {unknown}
 v - a potion of brilliance
 w - 2 potions of agility {unknown}
 z - a potion of haste {unknown}
Comestibles
 e - 2 rations {!d}


   Skills:
 + Level 6.9 Fighting
 * Level 9.7 Maces & Flails
 - Level 4.0 Stealth
   Level 4.6 Shields
 - Level 2.0 Spellcasting
 - Level 2.0 Hexes
 - Level 2.0 Evocations


You had 10 spell levels left.
You knew the following spells:

 Your Spells              Type           Power        Failure   Level  Hunger
a - Slow                  Hex            #.......     11%         1    None
Your spell library was empty.

Dungeon Overview and Level Annotations

Branches:
Dungeon (5/12)
 Temple: D:4-7

Altars:
Cheibriados
Elyvilon
Fedhas
Hepliaklqana
Kikubaaqudgha
Lugonu
Nemelex Xobeh
Qazlal
Uskayaw
Vehumet
Yredelemnul
The Shining One

Annotations:
D:5 1 runed door


Innate Abilities, Weirdness & Mutations

You move and act slowly.
You can pass through walls and trees.
Your branches can wield two-handed weapons with a shield.
Your thick bark is tough. (AC +15)
You are too large for most types of armour.
You are immune to negative energy. (rN+++)
Your system is resistant to poisons. (rPois)
You have a slow metabolism.
You are immune to unholy pain and torment.
You can survive without breathing.


Message History

You feel sick. The gnoll closely misses you. The gnoll barely misses you.
The gnoll hits you but does no damage. The gnoll completely misses you.
The gnoll sergeant hits you but does no damage.
The gnoll shaman mumbles some strange prayers to its god against you.
You are outlined in light.
The gnoll misses you. The gnoll barely misses you.
* * * LOW HITPOINT WARNING * * *
You feel sick. The gnoll barely misses you.
The gnoll sergeant hits you from afar with a +1 spear of venom.
* * * LOW HITPOINT WARNING * * *
You are more poisoned.
The gnoll misses you. The gnoll shaman completely misses you.
The gnoll closely misses you. The gnoll barely misses you. x2
The gnoll sergeant hits you but does no damage.
You are more poisoned.
* * * LOW HITPOINT WARNING * * *
You feel very sick. The gnoll barely misses you.
The gnoll shaman barely misses you. The gnoll completely misses you.
The gnoll hits you from afar with a +0 spear!
You die...

≈≈≈≈≈≈≈≈≈≈≈≈≈≈≈....≈≈≈≈≈≈≈≈ ≈≈≈
≈≈≈≈≈≈≈≈≈≈≈≈≈≈≈....≈≈≈≈≈≈≈≈ ≈≈≈
###≈≈≈≈≈≈≈≈≈≈≈≈†...≈≈≈≈≈≈≈≈ ≈##
..#............)).......... #.
..#############....######## #.
#.# #...%# # #.. #gg..# # #.g..#
# #######.@g.# #### #
......#..g.#.[... #
.g......g.....8# #
....g.........8# #
......#8..8#...... #.#
################## #'# #'
..##############################.
gg#............................#.


You could see a gnoll sergeant, 2 gnoll shamans and 4 gnolls.

Vanquished Creatures
  Grinder (D:3)
  2 phantoms
  An ogre (D:4)
  4 elf zombies (Ossuary)
  A jelly (D:5)
  An orc priest (D:4)
  A howler monkey (D:5)
  A bullfrog zombie (D:3)
  4 crimson imps
  2 human zombies (Ossuary)
  2 bullfrog skeletons
  2 hounds
  2 gnoll shamans (D:5)
  An orc wizard (D:4)
  2 worker ants (D:3)
  Terence (D:3)
  A big kobold zombie (Ossuary)
  2 hound skeletons
  2 mummies (Ossuary)
  Robin (D:3)
  5 adders (D:3)
  2 centaur zombies (Ossuary)
  21 gnolls
  A shadow imp (D:3)
  2 adder zombies (Ossuary)
  3 worms
  3 dart slugs
  A leopard gecko (D:1)
  6 orcs
  A ball python (D:1)
  6 bats
  5 giant cockroaches
  17 goblins
  5 hobgoblins
  16 jackals
  4 quokkas
  2 frilled lizards (D:1)
  2 goblin zombies (Ossuary)
  8 hobgoblin zombies (Ossuary)
  4 kobolds
  11 kobold zombies (Ossuary)
  5 orc zombies (Ossuary)
  3 rats
167 creatures vanquished.

Vanquished Creatures (others)
  2 orcs (D:5)
  3 jackals (D:5)
5 creatures vanquished.

Grand Total: 172 creatures vanquished

Notes
Turn   | Place    | Note
-------+----------+-------------------------------------------
     0 | D:1      | Ananasrisotto the Ent Sloth Apostle began the quest for the
                  | Orb.
     0 | D:1      | Reached XP level 1. HP: 22/22 MP: 2/2
    33 | D:1      | Found a glowing golden altar of the Shining One.
    66 | D:1      | Reached skill level 1 in Evocations
   239 | D:1      | Reached XP level 2. HP: 31/32 MP: 4/4
   497 | D:1      | Reached * piety under Cheibriados
   604 | D:1      | Reached XP level 3. HP: 38/39 MP: 5/5
  1208 | D:2      | Noticed a phantom
  1331 | D:2      | Killed a phantom
  1332 | D:2      | Reached skill level 3 in Maces & Flails
  1332 | D:2      | Reached XP level 4. HP: 49/49 MP: 5/7
  1696 | D:3      | Reached XP level 5. HP: 57/57 MP: 8/8
  1724 | D:3      | Noticed Robin
  1736 | D:3      | Killed Robin
  1756 | D:3      | Reached ** piety under Cheibriados
  1879 | D:3      | Found an ancient bone altar of Kikubaaqudgha.
  1889 | D:3      | Found a glowing golden altar of the Shining One.
  1890 | D:3      | Found a blossoming altar of Fedhas.
  1891 | D:3      | Found a stormy altar of Qazlal.
  1891 | D:3      | Found a snail-covered altar of Cheibriados.
  1891 | D:3      | Found a white marble altar of Elyvilon.
  1903 | D:3      | Reached skill level 4 in Maces & Flails
  1909 | D:3      | Found a corrupted altar of Lugonu.
  1910 | D:3      | Found a basalt altar of Yredelemnul.
  1966 | D:3      | Found a hide-covered altar of Uskayaw.
  1966 | D:3      | Found a sparkling altar of Nemelex Xobeh.
  1966 | D:3      | Found a hazy altar of Hepliaklqana.
  1991 | D:3      | Reached XP level 6. HP: 56/67 MP: 9/9
  2028 | D:3      | Found a radiant altar of Vehumet.
  2172 | D:3      | Reached *** piety under Cheibriados
  2267 | D:3      | Noticed Terence
  2281 | D:3      | Killed Terence
  2347 | D:3      | Reached skill level 5 in Maces & Flails
  2479 | D:3      | Noticed Grinder
  2488 | D:3      | Killed Grinder
  2489 | D:3      | Reached XP level 7. HP: 76/77 MP: 10/10
  2805 | D:4      | Reached skill level 6 in Maces & Flails
  2831 | D:3      | Reached skill level 5 in Fighting
  2947 | D:4      | Found a sand-covered staircase.
  2971 | Ossuary  | Entered an ossuary
  3009 | Ossuary  | Reached **** piety under Cheibriados
  3120 | Ossuary  | Reached skill level 7 in Maces & Flails
  3140 | Ossuary  | Reached XP level 8. HP: 84/88 MP: 11/11
  3216 | Ossuary  | Reached ***** piety under Cheibriados
  3328 | D:4      | Found a sparkling altar of Nemelex Xobeh.
  3485 | D:4      | Reached skill level 8 in Maces & Flails
  3502 | D:4      | Fell from the grace of Cheibriados
  3993 | D:5      | Entered Level 5 of the Dungeon
  4239 | D:5      | Paralysed by fainting for 11 turns
  4298 | D:5      | Paralysed by fainting for 6 turns
  4366 | D:5      | Paralysed by fainting for 5 turns
  4591 | D:5      | Found a runed door.
  4955 | D:5      | Reached skill level 9 in Maces & Flails
  5027 | D:5      | HP: 3/91 [poisoned by a gnoll sergeant]
  5027 | D:5      | Slain by a gnoll

Skill      XL: |  1  2  3  4  5  6  7  8 |
---------------+-------------------------+-----
Evocations     | 1 2 |  2.0
Fighting       | 3 4 5 6 |  6.9
Maces & Flails | 3 4 5 7 9 |  9.7
Stealth        | 4 |  4.0
Shields        | 2 3 4 |  4.6
Spellcasting   | 2 |  2.0
Hexes          | |  2.0

Action                   |  1- 3 |  4- 6 |  7- 9 || total
-------------------------+-------+-------+-------++-------
Melee: Mace              |   104 |   189 |       ||   293
       Morningstar       |       |    20 |   175 ||   195
       Giant club        |       |       |    92 ||    92
Invok: Bend Time         |     1 |       |       ||     1
       Renounce Religion |       |       |     1 ||     1
Evoke: Wand              |       |     2 |       ||     2
  Use: Potion            |     4 |       |       ||     4
       Scroll            |       |       |     8 ||     8
 Stab: Sleeping          |     1 |     7 |     5 ||    13
       Paralysed         |       |     3 |       ||     3
  Eat: Chunk             |     1 |     9 |     1 ||    11
       Ration            |       |     1 |     4 ||     5
Armor: Skin              |    80 |   156 |   868 ||  1104
Dodge: Dodged            |    29 |    81 |  3937 ||  4047
Block: Medium shield     |    50 |   147 |   104 ||   301
